 Dungeon Crawl Stone Soup version 0.19.4-8-ga85b6b9 (webtiles) character file.

28 LORDOFBUTT the Sneak (level 2, -10/13 HPs)
             Began as a Spriggan Enchanter on Feb 14, 2017.
             Mangled by an orc
             ... wielding a +1 short sword of electrocution
              (20 damage)
             ... on level 1 of the Dungeon.
             The game lasted 00:01:11 (1015 turns).

LORDOFBUTT the Sneak (Spriggan Enchanter)           Turns: 1015, Time: 00:01:11

Health: -10/13     AC:  3    Str:  4    XL:     2   Next: 96%
Magic:  7/7        EV: 18    Int: 16    God:
Gold:   66         SH:  0    Dex: 16    Spells: 1 memorised, 6 levels left

rFire  . . .     SeeInvis +     a - +1 dagger
rCold  . . .     Gourm    .     b - +1 robe
rNeg   . . .     Faith    .     (shield restricted)
rPois  .         Spirit   .     (helmet restricted)
rElec  .         Reflect  .     (no cloak)
rCorr  .         Harm     .     (gloves unavailable)
MR     .....                    (boots unavailable)
Stlth  +++.......               (no amulet)
                                (no ring)
                                (no ring)

@: very quick
A: unfitting armour, see invisible, herbivore 3, speed 3, slow metabolism 2
a: no special abilities


You were on level 1 of the Dungeon.
You were not hungry.

You visited 1 branch of the dungeon, and saw 1 of its levels.

You collected 66 gold pieces.

Inventory:

Hand Weapons
 a - a +1 dagger (weapon)
Armour
 b - a +1 robe (worn)
Scrolls
 e - a scroll of noise {unknown}
 f - 4 scrolls of remove curse {unknown}
 h - a scroll of teleportation {unknown}
Potions
 g - a potion of curing {unknown}
Books
 c - a book of Maledictions

   Spells                             Type                      Level
   a - Corona                         Hexes                        1
   b - Ensorcelled Hibernation        Hexes/Ice                    2
   c - Confuse                        Hexes                        3
   d - Tukima's Dance                 Hexes                        3
   e - Dazzling Spray                 Conjuration/Hexes            3
Comestibles
 d - a bread ration


   Skills:
 - Level 1.1 Short Blades
 - Level 3.0 Dodging
 + Level 4.7 Stealth
 * Level 3.4 Spellcasting
 * Level 4.3 Hexes


You had 6 spell levels left.
You knew the following spells:

 Your Spells              Type           Power        Failure   Level  Hunger
a - Corona                Hex            ###....      3%          1    None


Dungeon Overview and Level Annotations

Branches:
Dungeon (1/15)

Altars:


Innate Abilities, Weirdness & Mutations

You are very small and have problems with some larger weapons.
You are too small for most types of armour.
You have supernaturally acute eyesight. (SInv)
You are a herbivore.
You cover ground extremely quickly.
You need consume almost no food.


Message History

The helpless kobold fails to defend itself.
You impale the kobold!!
You kill the kobold!
f - 4 scrolls labeled UMNETA JULOIW (gained 1)
An orc comes into view.
It is wielding a short sword of electrocution.
An orc is nearby!
An orc is nearby!
The orc shouts!
You hit the orc but do no damage. The orc closely misses you.
An orc is nearby!
You hit the orc but do no damage.
The orc hits you with a short sword of electrocution.
You hit the orc but do no damage. The orc completely misses you.
An orc is nearby!
You hit the orc but do no damage. The orc completely misses you.
You hit the orc but do no damage. The orc completely misses you.
You hit the orc but do no damage. The orc hits you but does no damage.
You are electrocuted!
Ouch! That really hurt!
You die...

##################
.................#
################.# #.# ## #.#
##### #. #@# #...########.
#####o####............
#.....รท.)....########.
#.###.#########.......
#.##...# #.##.###
#######.##...########.##.# #
####.......#.............##.#
#.[..........#.############.#
#.##.#########># ########.###


You could see an orc.

Vanquished Creatures
  A dart slug (D:1)
  A leopard gecko (D:1)
  A ball python (D:1)
  2 giant cockroaches (D:1)
  2 goblins (D:1)
  5 jackals (D:1)
  A kobold (D:1)
  4 bats (D:1)
  2 frilled lizards (D:1)
  2 rats (D:1)
21 creatures vanquished.

Notes
Turn   | Place    | Note
-------+----------+-------------------------------------------
     0 | D:1      | LORDOFBUTT the Spriggan Enchanter began the quest for the Orb.
     0 | D:1      | Reached XP level 1. HP: 9/9 MP: 5/5
   471 | D:1      | Reached XP level 2. HP: 13/13 MP: 7/7
  1015 | D:1      | Mangled by an orc

Skill      XL: |  1 |
---------------+----+-----
Hexes          | 4 |  4.3
Spellcasting   | 3 |  3.4
Short Blades   | |  1.1
Dodging        | |  3.0
Stealth        | |  4.7

Action                   || total
-------------------------++-------
Melee: Dagger            ||    93
 Stab: Sleeping          ||    12
Armor: Robe              ||    13
Dodge: Dodged            ||    78
